Cogmind - Beta 10.2 @@@ ROGUE MODE // 2021.01.21 @ 17:29:54 Player: CrossedViper Result: Destroyed by Y-54 Guardian with Flak Gun Performance ------------- Evolutions (4) 2000 Regions Visited (19) 3800 Robots Destroyed (167) 835 Value Destroyed (4851) 4851 Prototype IDs (55) 1100 Alien Tech Used (0) 0 Bonus (383) 383 TOTAL SCORE: 12969 Bonus ------- High Alert Combat Kills 320 Follower Combat Kills 1418 Network Hubs Disabled 200 Aligned with FarCom 300 Destroyed Z-Imprinter 1000 Friendly Fire -2855 Cogmind --------- Core Integrity 0/850 Matter 280/300 Energy 64/100 System Corruption 1% Temperature Cool (12) Movement Core (50) Location -6/Hub_04(d) Parts ------- > --- POWER (2) -------- (None) > --- PROPULSION (4) --- (None) > --- UTILITY (6) ------ Advanced Melee Analysis Suite > --- WEAPON (3) ------- (None) > --- INVENTORY (4) ---- Advanced Energy Well (800) Centrium Medium Armor Plating Medium Regenerative Plating CR-A16's Pointy Stick Peak State ------------ > --- POWER ------------ Enhanced Nuclear Core Zionite Light DM Reactor > --- PROPULSION ------- Improved Flight Unit Improved VTOL Module Improved VTOL Module Biomechanical Wings > --- UTILITY ---------- Experimental Heat Sink Experimental Heat Sink Large Storage Unit Gravity Neutralizing Apparatus Advanced Melee Analysis Suite Improved Hacking Suite > --- WEAPON ----------- Guided EMP Blaster Ripper > --- INVENTORY -------- Improved Flight Unit Zionite Biocell Long-range Sensor Array Improved Actuator Array Improved Maneuvering Thrusters Layered Light Armor Plating Axe CR-A16's Pointy Stick [Rating: 80] Favorites ----------- Power Reinforced Fission Core Engine Cooled Ion Engine Power Core Reinforced Fission Core Reactor Zionite Light DM Reactor Propulsion Light Treads Treads Light Treads Leg Aluminum Leg Wheel Wheel Hover Unit Zionite Glidesys II Flight Unit Improved VTOL Module Utility High-capacity Storage Unit Device Advanced Weapon Cycler Storage High-capacity Storage Unit Processor Experimental Targeting Computer Hackware Improved Hacking Suite Protection Hardened Medium Armor Plating Weapon Autogun Energy Gun Heavy Beamcaster Energy Cannon Advanced Beam Cannon Ballistic Gun Autogun Launcher Improved Grenade Launcher Special Weapon Plasma Cutter Slashing Weapon Axe Piercing Weapon CR-A16's Pointy Stick Special Melee Weapon Improved Datajack Build | -11 -10 -10 -9 -9 -9 -8 -8 -8 -7 -7 -7 -7 -7 -6 -6 -6 -6 -6 -6 ------- Run | Scr Mat Min Mat Min Exi Min Mat Sto Fac Low Low Zio Dee Pro Fac Ext Cet Arc Hub Slots Evolved 8 | . . . 2 . . . 2 . 2 . . . . . 2 . . . . Power 1 | . . . . . . . . . . . . . . . 1 . . . . Propulsion 2 | . . . . . . . . . 1 . . . . . 1 . . . . Utility 4 | . . . 2 . . . 2 . . . . . . . . . . . . Weapon 1 | . . . . . . . . . 1 . . . . . . . . . . Parts Attached 208 | . 11 1 27 3 15 4 14 22 14 2 9 5 34 1 6 21 15 1 3 Power 20 | . 1 . 5 1 1 . 1 1 2 . . . 2 . 2 2 2 . . Engine 8 | . 1 . 5 1 . . . . . . . . . . . 1 . . . Core 8 | . . . . . 1 . 1 1 2 . . . 1 . 2 . . . . Reactor 4 | . . . . . . . . . . . . . 1 . . 1 2 . . Propulsion 44 | . 5 1 7 . 3 . 5 7 2 1 3 . 6 . 2 2 . . . Treads 29 | . 4 1 7 . 3 . 4 4 2 1 3 . . . . . . . . Leg 2 | . . . . . . . . 2 . . . . . . . . . . . Wheel 1 | . 1 . . . . . . . . . . . . . . . . . . Hover 3 | . . . . . . . . . . . . . 3 . . . . . . Flight 9 | . . . . . . . 1 1 . . . . 3 . 2 2 . . . Utility 72 | . 4 . 8 2 4 1 4 4 2 1 3 3 16 1 1 7 9 1 1 Device 22 | . . . 1 1 1 1 . 1 1 1 1 1 8 . . 2 2 . 1 Storage 18 | . 3 . 4 . 3 . 1 . . . . 1 3 . . 2 1 . . Processor 7 | . . . . . . . 1 . . . 1 . 3 1 . 1 . . . Hackware 3 | . . . . . . . . . . . . . . . 1 . 2 . . Protection 22 | . 1 . 3 1 . . 2 3 1 . 1 1 2 . . 2 4 1 . Artifact . | . . . . . . . . . . . . . . . . . . . . Weapon 72 | . 1 . 7 . 7 3 4 10 8 . 3 2 10 . 1 10 4 . 2 Energy Gun 3 | . . . . . . . . . . . . 1 2 . . . . . . Energy Cannon 8 | . . . 1 . 2 . . . 4 . . . . . . 1 . . . Ballistic Gun 30 | . 1 . 5 . 3 1 3 7 2 . 3 1 2 . . 2 . . . Ballistic Cannon . | . . . . . . . . . . . . . . . . . . . . Launcher 14 | . . . 1 . 1 2 1 2 2 . . . 1 . . 2 2 . . Special Weapon 2 | . . . . . . . . . . . . . . . . . . . 2 Impact Weapon . | . . . . . . . . . . . . . . . . . . . . Slashing Weapon 10 | . . . . . . . . 1 . . . . 4 . 1 3 1 . . Piercing Weapon 4 | . . . . . . . . . . . . . 1 . . 2 1 . . Special Melee Weapon 1 | . . . . . 1 . . . . . . . . . . . . . . Unidentified Prototypes 19 | . . . 3 1 . . 1 3 1 . . . 5 . 1 3 1 . . Parts Lost 48 | . 1 . 2 . 3 . . 3 7 . 3 . 14 . . 4 4 3 4 Power 2 | . . . . . . . . . . . . . . . . 2 . . . Propulsion 11 | . . . . . 2 . . 1 1 . . . 3 . . . 3 1 . Utility 17 | . . . 1 . 1 . . 2 1 . 1 . 4 . . 2 . 2 3 Weapon 18 | . 1 . 1 . . . . . 5 . 2 . 7 . . . 1 . 1 Highest Loss Streak 14 | . 1 . 1 . 1 . . 1 4 . 3 . 14 . . 3 4 3 4 Average Slot Usage (%) 93 | . 97 100 98 100 93 98 89 97 98 100 95 88 79 84 83 80 61 41 30 Engine 4 | . 14 14 10 11 10 . . . . . . . . . . 2 . . . Core 4 | . . . . . . 11 6 8 6 7 7 7 5 . 6 2 . . . Treads 20 | . 26 28 22 22 22 22 18 16 22 23 23 23 13 . . . . . . Flight 1 | . . . . . . . . . . . . . 5 23 26 26 8 1 . Device 5 | . . . . . 4 9 9 6 8 11 11 2 10 23 20 17 13 9 6 Storage 22 | . 23 28 25 33 28 33 27 27 23 23 23 16 10 7 6 7 2 . . Processor 4 | . . . . . . . 7 9 7 7 7 7 9 15 8 7 8 6 6 Protection 6 | . 2 . 17 11 5 . 2 10 5 2 2 6 4 . . 2 4 6 . Energy Cannon 1 | . . . . . . . . . 9 15 4 . . . . . . . . Ballistic Gun 16 | . 17 28 22 22 19 13 15 17 11 . 11 20 9 . . . . . . Naked Turns . | . . . . . . . . . . . . . . . . . . . . Heaviest Build 154 | 11 57 57 79 81 91 93 112 123 120 120 123 154 154 29 37 40 42 19 1 Greatest Support 84 | 20 40 40 43 40 45 45 44 42 60 60 68 60 84 30 38 38 38 20 3 Greatest Overweight (x) 17 | . 3 1 1 2 2 2 4 6 2 1 2 2 17 . . 1 4 2 . Average Overweight (x) 1 | . 1 1 1 1 1 2 1 2 1 1 1 2 . . . . . . . Largest Inventory Capacity 46 | 6 18 18 24 24 24 24 32 26 26 26 26 46 32 10 10 10 10 4 4 Average Capacity 23 | 6 15 18 19 24 21 24 25 26 26 26 26 31 20 10 10 10 4 4 4 Most Carried 32 | 6 17 18 24 24 24 24 26 26 26 26 26 32 32 10 10 10 10 4 4 Average Carried 22 | 6 12 17 18 23 21 23 24 25 24 25 25 30 17 10 9 8 4 3 4 Final Capacity 32 | 6 18 18 24 24 24 24 26 26 26 26 26 32 10 10 10 10 4 4 4 Final Carried 32 | 6 16 18 24 23 24 23 26 26 26 26 25 32 10 10 10 10 4 3 4 Class Distribution -------------------- 39% | Hauler-Mutant 22% | Mutant 19% | Hauler-Gunner 5% | Scavenger-Mutant 5% | Scavenger-Sprinter 4% | Scavenger-Gunner Dominant Class ---------------- Mutant | -10/Materials Mutant | -10/Mines Mutant | -9/Materials Hauler-Mutant | -9/Mines Hauler-Mutant | -9/Exiles Hauler-Mutant | -8/Mines Hauler-Mutant | -8/Materials Hauler-Mutant | -8/Storage Hauler-Gunner | -7/Factory Hauler-Mutant | -7/Lower Caves Scavenger-Mutant | -7/Lower Caves Hauler-Gunner | -7/Zion Hauler-Gunner | -7/Deep Caves Scavenger-Sprinter | -6/Proximity Caves Scavenger-Sprinter | -6/Factory Scavenger-Sprinter | -6/Extension Scavenger-Mutant | -6/Cetus Scavenger-Mutant | -6/Archives Hacker-Mutant | -6/Hub_04(d) Resources | -11 -10 -10 -9 -9 -9 -8 -8 -8 -7 -7 -7 -7 -7 -6 -6 -6 -6 -6 -6 ----------- Run | Scr Mat Min Mat Min Exi Min Mat Sto Fac Low Low Zio Dee Pro Fac Ext Cet Arc Hub Matter Collected 5321 | 200 203 64 974 37 224 225 471 932 555 70 348 44 260 92 . 407 215 . . Remotely . | . . . . . . . . . . . . . . . . . . . . Salvage Created 7924 | . 436 91 1523 95 231 304 519 2135 1620 97 258 . 143 . . 421 40 . 11 Parts 381 | . 31 2 69 2 9 19 25 99 62 5 15 . 4 . . 34 2 . 3 Haulers Intercepted 14 | . 2 . 5 . . . 1 4 2 . . . . . . . . . . Recyclers Shooed 13 | . . . 7 . . . . 3 3 . . . . . . . . . . Parts Field Recycled . | . . . . . . . . . . . . . . . . . . . . Retrieved Matter . | . . . . . . . . . . . . . . . . . . . . Parts Self-Destructed 21 | . . . . . . . . . . 5 16 . . . . . . . . Prevented . | . . . . . . . . . . . . . . . . . . . . Kills | -11 -10 -10 -9 -9 -9 -8 -8 -8 -7 -7 -7 -7 -7 -6 -6 -6 -6 -6 -6 ------- Run | Scr Mat Min Mat Min Exi Min Mat Sto Fac Low Low Zio Dee Pro Fac Ext Cet Arc Hub Combat Hostiles Destroyed 116 | . 6 2 20 . 7 9 9 29 19 2 5 . 2 . . 6 . . . Melee 4 | . . . . . . . . . . . . . . . . 4 . . . Guns 80 | . 5 2 20 . 1 4 9 28 7 . 3 . 1 . . . . . . Cannons 10 | . . . . . . . . . 7 2 1 . . . . . . . . AOE 19 | . 1 . . . 6 5 . 1 3 . 1 . . . . 2 . . . Classes Destroyed 18 | . 3 . 4 . 1 1 1 1 2 . 2 . 2 . . 1 . . . Worker 15 | . 3 . 2 . . . 1 5 3 . . . . . . . . . 1 Builder 3 | . . . . . . . . 1 1 . . . . . . 1 . . . Hauler 14 | . 2 . 5 . . . 1 4 2 . . . . . . . . . . Recycler 16 | . . . 4 1 . . . 4 7 . . . . . . . . . . Minesweeper 1 | . . . . . . . . . . . 1 . . . . . . . . Operator 1 | . . . . . . . . . . . . . . . . 1 . . . Watcher 3 | . . . 1 . . . . . . . . . . . . 1 1 . . Swarmer 19 | . . . 3 . . 3 . 1 6 . 3 . . . . 3 . . . Grunt 51 | . 6 2 11 . . 5 5 18 3 . . . . . . 1 . . . Brawler 5 | . . . . . . . 1 2 2 . . . . . . . . . . Duelist 4 | . . . . . . 1 1 . 1 . 1 . . . . . . . . Sentry 24 | . . . 7 . . . 2 9 4 . 1 . . . . 1 . . . Hunter 3 | . . . . . . . . . 1 2 . . . . . . . . . Programmer 3 | . . . . . . . . . 3 . . . . . . . . . . Z-Light 1 | . . . . . . . . . . . . . 1 . . . . . . Samaritan 1 | . . . . . . . . . . . 1 . . . . . . . . Assembled 7 | . . . . . 6 . . . . . . . 1 . . . . . . Guerrilla 1 | . . . . . . . . . . . . . . . . 1 . . . Fireman 1 | . . . . . . . . . . . . . 1 . . . . . . Best Kill Streak 12 | . 4 2 5 1 6 6 3 12 5 1 3 . 1 . . 6 1 . 1 Combat Bots Only 7 | . 2 2 4 . 6 6 3 7 3 1 3 . 1 . . 4 . . . Max Kills in Single Turn 3 | . 3 1 2 1 3 2 1 3 3 1 1 . 1 . . 1 1 . 1 Gunslinging 1 | . . . 1 . . . . . . . . . . . . . . . . Exploded 3 | . 1 . . . 3 2 . 1 3 . 1 . . . . 1 . . . Melee 1 | . . . . . . . . . . . . . . . . 1 . . . Uniques/NPCs Destroyed 2 | . . . . . 1 . . . . . . . . . . 1 . . . 8R-AWN (-9/Exiles) A7 (-6/Extension) Combat | -11 -10 -10 -9 -9 -9 -8 -8 -8 -7 -7 -7 -7 -7 -6 -6 -6 -6 -6 -6 -------- Run | Scr Mat Min Mat Min Exi Min Mat Sto Fac Low Low Zio Dee Pro Fac Ext Cet Arc Hub Damage Taken 12815 | . 401 170 852 . 1158 437 514 1914 1569 64 775 . 2018 64 40 876 866 963 134 Core 2033 | . 30 24 99 . 195 83 70 147 145 . 44 . 313 32 20 208 197 362 64 Absorbed by Shields 23 | . . . . . . . . . . . . . . . . 23 . . . Core Remaining (%) 53 | 100 . 78 . . . 5 . 60 . . . . . 23 . . . . . Volleys Fired 539 | . 29 9 107 . 38 23 43 123 83 4 28 . 21 . . 22 5 . 4 Largest 3 | . 2 2 2 . 2 2 2 2 3 2 3 . 3 . . 1 1 . 1 Hottest 204 | . 60 40 46 . 91 46 46 46 204 136 164 . 137 . . 75 50 . 20 Shots Fired 1050 | . 57 18 212 . 71 34 83 233 207 8 54 . 42 . . 22 5 . 4 Gun 878 | . 57 18 211 . 65 28 80 232 111 . 35 . 37 . . 4 . . . Cannon 135 | . . . . . 2 . . . 94 8 18 . . . . 13 . . . Launcher 33 | . . . 1 . 4 6 3 1 2 . 1 . 5 . . 5 5 . . Special 4 | . . . . . . . . . . . . . . . . . . . 4 Kinetic 840 | . 32 18 211 . 65 28 80 232 111 . 35 . 24 . . 4 . . . Thermal 139 | . . . . . 2 . . . 94 8 18 . 13 . . . . . 4 Explosive 10 | . . . 1 . . 3 3 . 2 . 1 . . . . . . . . Electromagnetic 61 | . 25 . . . 4 3 . 1 . . . . 5 . . 18 5 . . Robot Hit Streak 51 | . 13 19 26 . 51 10 18 40 37 14 19 . 2 . . 8 11 . 12 Robot Miss Streak 11 | . 4 1 3 . 3 2 2 2 2 1 8 . 11 . . 5 . . . Penetration Max . | . . . . . . . . . . . . . . . . . . . . Secondary Targets 15 | . . . 5 . . 1 . 7 2 . . . . . . . . . . Max Gunslinging Chain 1 | . . . 1 . . 1 . 1 1 . . . . . . . . . . Shots Hit Robots 838 | . 43 14 149 . 67 15 69 203 165 7 44 . 11 . . 41 9 . 1 Core Hits 370 | . 21 4 53 1 25 19 27 88 50 3 36 . 13 . . 17 10 . 3 Critical Hits 20 | . . . 1 . 1 . . 1 13 1 2 . . . . 1 . . . Critical Kills 5 | . . . . . . . . . 4 1 . . . . . . . . . Critical Parts Destroyed 14 | . . . 1 . 1 . . 1 9 . 1 . . . . 1 . . . Melee Attacks 40 | . . . . . 4 . . 1 . . . . . . . 29 6 . . Impact . | . . . . . . . . . . . . . . . . . . . . Slashing 29 | . . . . . . . . 1 . . . . . . . 26 2 . . Piercing 7 | . . . . . . . . . . . . . . . . 3 4 . . Sneak Attacks 12 | . . . . . 4 . . . . . . . . . . 8 . . . Combat Hostiles . | . . . . . . . . . . . . . . . . . . . . Follow-up Attacks 4 | . . . . . . . . . . . . . . . . 2 2 . . Damage Inflicted 16915 | . 721 141 2138 66 1214 655 1316 3326 3184 123 982 . 498 . . 1704 529 . 318 Guns 10144 | . 548 141 2081 . 922 233 1016 3069 1226 . 555 . 326 . . 27 . . . Cannons 2268 | . . . . . 20 . . . 1695 123 336 . . . . 94 . . . Explosions 2637 | . 173 . 26 . 220 422 276 208 204 . 91 . 172 . . 160 379 . 306 Melee 1573 | . . . . . . . . . . . . . . . . 1423 150 . . Ramming 281 | . . . 31 66 52 . 24 49 59 . . . . . . . . . . Kinetic 9792 | . 289 141 2081 . 922 233 1016 3069 1226 . 555 . 233 . . 27 . . . Thermal 2578 | . 173 . . . 20 126 . . 1695 123 336 . 93 . . . . . 12 Explosive 788 | . . . 26 . . 191 276 . 204 . 91 . . . . . . . . Electromagnetic 1903 | . 259 . . . 220 105 . 208 . . . . 172 . . 254 379 . 306 Impact . | . . . . . . . . . . . . . . . . . . . . Slashing 1351 | . . . . . . . . . . . . . . . . 1271 80 . . Piercing 222 | . . . . . . . . . . . . . . . . 152 70 . . Highest Corruption 4 | . . . 1 1 2 2 . 1 4 4 4 4 . . . . . . . Average Corruption 2 | . . . 1 1 1 2 . 1 3 4 4 4 . . . . . . . Corruption Purged . | . . . . . . . . . . . . . . . . . . . . Effects 95 | . . . 3 3 10 10 . 7 21 14 26 1 . . . . . . . Message Errors 23 | . . . 2 3 7 2 . 1 2 3 2 1 . . . . . . . Matter Fused 29 | . . . . . . . . . 8 5 16 . . . . . . . . Heat Flow Errors 8 | . . . . . . 2 . . 2 4 . . . . . . . . . Energy Discharges 10 | . . . . . . 4 . 1 1 1 3 . . . . . . . . Data Loss (minor) 11 | . . . . . 1 1 . 2 3 1 3 . . . . . . . . Targeting Errors 14 | . . . 1 . 2 1 . 3 5 . 2 . . . . . . . . Overload Shots . | . . . . . . . . . . . . . . . . . . . . Overflow Damage 268 | . 32 . . 10 1 . . . 58 . . . . . . 140 . . 27 Projectiles 55 | . . . . . . . . . 55 . . . . . . . . . . Explosions 76 | . 32 . . . 1 . . . 3 . . . . . . 13 . . 27 Melee 137 | . . . . 10 . . . . . . . . . . . 127 . . . Knockbacks 3 | . . . 2 . 1 . . . . . . . . . . . . . . Impact 3 | . . . 2 . 1 . . . . . . . . . . . . . . Kinetic . | . . . . . . . . . . . . . . . . . . . . Secondary . | . . . . . . . . . . . . . . . . . . . . Self-Inflicted Damage 486 | . 123 . . . 38 99 22 26 55 . 16 . . . . . . . 107 Shots 15 | . 3 . . . 2 5 1 1 1 . 1 . . . . . . . 1 Rammed 33 | . . . 4 6 8 . 2 4 9 . . . . . . . . . . Targets Rammed 36 | . . . 4 6 8 . 2 5 11 . . . . . . . . . . Kicked . | . . . . . . . . . . . . . . . . . . . . Crushed 3 | . . . . . . . . 1 2 . . . . . . . . . . Highest Temperature 377 | . 66 2 228 . 18 297 135 302 355 205 54 . 377 . . 56 42 . . Average Temperature 72 | . 31 2 22 . 10 156 57 68 107 94 21 . 116 . . 20 19 . . Received Heat Transfer 3049 | . 156 45 357 . 40 162 243 765 162 . 132 . 468 18 18 192 135 144 12 Effects 9 | . . . 2 . . 1 . 2 3 . . . 1 . . . . . . Shutdowns 1 | . . . . . . . . . . . . . 1 . . . . . . Interference 8 | . . . 2 . . 1 . 2 3 . . . . . . . . . . Siege Activations . | . . . . . . . . . . . . . . . . . . . . Robots Corrupted 1 | . . . . . . . . . . . . . 1 . . . . . . Combat Hostiles 1 | . . . . . . . . . . . . . 1 . . . . . . Parts Fried 5 | . . . . . . . . . . . . . 4 . . . 1 . . Impact Corruptions 2 | . . . . 1 1 . . . . . . . . . . . . . . Robots Melted 1 | . . . . . . . . . 1 . . . . . . . . . . Combat Hostiles 1 | . . . . . . . . . 1 . . . . . . . . . . Parts Melted 3 | . . . . . . . . . 3 . . . . . . . . . . Heat Transferred 4297 | . 300 . . . 37 150 . . 2923 222 592 . 36 . . . . . 37 Parts Sabotaged . | . . . . . . . . . . . . . . . . . . . . Parts Stolen . | . . . . . . . . . . . . . . . . . . . . Parts Stripped . | . . . . . . . . . . . . . . . . . . . . Power Chain Reactions 6 | . 3 . . . . 2 . . . . . . . . . 1 . . . Missiles Intercepted . | . . . . . . . . . . . . . . . . . . . . Alert | -11 -10 -10 -9 -9 -9 -8 -8 -8 -7 -7 -7 -7 -7 -6 -6 -6 -6 -6 -6 ------- Run | Scr Mat Min Mat Min Exi Min Mat Sto Fac Low Low Zio Dee Pro Fac Ext Cet Arc Hub Peak Influence 1077 | . 249 81 443 159 . 242 190 523 609 . . . . . 196 1077 542 268 128 Initial 490 | . . 18 31 154 . . 19 37 107 . . . . . . 95 490 208 83 Average 246 | . 108 24 311 67 . 137 58 282 448 . . . . . 65 609 527 240 89 Maximum Alert Level 3 | . 1 . 2 . . 1 . 2 2 . . . . . . 3 2 1 . Low Security (%) 47 | 100 96 100 12 100 . 61 100 26 8 . . . . . 100 21 . . 100 Level 1 30 | . 3 . 72 . . 38 . 54 16 . . . . . . 14 . 100 . Level 2 19 | . . . 14 . . . . 18 75 . . . . . . 14 100 . . Level 3 2 | . . . . . . . . . . . . . . . . 48 . . . Level 4 . | . . . . . . . . . . . . . . . . . . . . Level 5 . | . . . . . . . . . . . . . . . . . . . . High Security . | . . . . . . . . . . . . . . . . . . . . Max Security . | . . . . . . . . . . . . . . . . . . . . Squads Dispatched 31 | . . 1 7 . . . 1 4 12 . . . . . 2 4 . . . Investigation 13 | . . 1 5 . . . . 1 2 . . . . . 2 2 . . . Extermination 2 | . . . . . . . . . 2 . . . . . . . . . . Reinforcement 13 | . . . 2 . . . 1 3 5 . . . . . . 2 . . . Assault . | . . . . . . . . . . . . . . . . . . . . Garrison 3 | . . . . . . . . . 3 . . . . . . . . . . Intercept . | . . . . . . . . . . . . . . . . . . . . Construction Impeded 1 | . . . . . . . . . 1 . . . . . . . . . . Haulers Reinforced 1 | . . . . . . . . . 1 . . . . . . . . . . Stealth | -11 -10 -10 -9 -9 -9 -8 -8 -8 -7 -7 -7 -7 -7 -6 -6 -6 -6 -6 -6 --------- Run | Scr Mat Min Mat Min Exi Min Mat Sto Fac Low Low Zio Dee Pro Fac Ext Cet Arc Hub Distress Signals 15 | . 1 . 5 . . . 1 1 3 . . . . . . 3 1 . . Communications Jammed . | . . . . . . . . . . . . . . . . . . . . Distress Signals . | . . . . . . . . . . . . . . . . . . . . Times Spotted 265 | . 12 5 52 . 8 9 18 39 40 2 7 . 7 1 11 36 12 4 2 Peak Tracking Total 12 | . 3 3 6 . 9 3 4 7 5 1 3 . 3 1 6 12 7 4 4 Tactical Retreats 18 | . 1 . . . . . 1 3 3 . . . . . 3 7 . . . Traps | -11 -10 -10 -9 -9 -9 -8 -8 -8 -7 -7 -7 -7 -7 -6 -6 -6 -6 -6 -6 ------- Run | Scr Mat Min Mat Min Exi Min Mat Sto Fac Low Low Zio Dee Pro Fac Ext Cet Arc Hub Traps Triggered 12 | . . . 2 . . . . 3 3 . . . . . . 2 . . 2 Indirectly 1 | . . . . . . . . . . . . . . . . . . . 1 Trap Hack Attempts . | . . . . . . . . . . . . . . . . . . . . Triggered . | . . . . . . . . . . . . . . . . . . . . Disarmed . | . . . . . . . . . . . . . . . . . . . . Reprogrammed . | . . . . . . . . . . . . . . . . . . . . Reused 3 | . . . . . . . . . . . . . 3 . . . . . . Traps Extracted . | . . . . . . . . . . . . . . . . . . . . Installed 3 | . . . . . . . . . . . . . 3 . . . . . . Triggered 1 | . . . . . . . . . . . . . . 1 . . . . . Machines | -11 -10 -10 -9 -9 -9 -8 -8 -8 -7 -7 -7 -7 -7 -6 -6 -6 -6 -6 -6 ---------- Run | Scr Mat Min Mat Min Exi Min Mat Sto Fac Low Low Zio Dee Pro Fac Ext Cet Arc Hub Machines Disabled 24 | . 2 . 1 . 7 . . 2 . . . . 2 . . 5 . . 5 Max in Single Turn 5 | . 1 . 1 . 3 . . 1 . . . . . . . 1 . . 5 Garrison Access 1 | . . . . . . . . 1 . . . . . . . . . . . Network Hub 1 | . . . . . . . . . . . . . . . . . . . 1 Machines Sabotaged . | . . . . . . . . . . . . . . . . . . . . Garrisons Compromised . | . . . . . . . . . . . . . . . . . . . . Overloaded Fab Kills . | . . . . . . . . . . . . . . . . . . . . Fab Network Shutdowns . | . . . . . . . . . . . . . . . . . . . . Hacking | -11 -10 -10 -9 -9 -9 -8 -8 -8 -7 -7 -7 -7 -7 -6 -6 -6 -6 -6 -6 --------- Run | Scr Mat Min Mat Min Exi Min Mat Sto Fac Low Low Zio Dee Pro Fac Ext Cet Arc Hub Machines Accessed 43 | . . 1 8 . 2 . 4 9 5 . . . . . 5 9 . . . Terminals 31 | . . . 5 . . . 3 6 3 . . . . . 5 9 . . . Fabricators . | . . . . . . . . . . . . . . . . . . . . Repair Stations 4 | . . . 1 . . . 1 1 1 . . . . . . . . . . Recycling Units 2 | . . . 1 . . . . 1 . . . . . . . . . . . Scanalyzers 1 | . . . 1 . . . . . . . . . . . . . . . . Garrison Access 2 | . . . . . . . . 1 1 . . . . . . . . . . Total Hacks 109 | . . 1 20 . 2 . 13 24 10 . . . . . 10 29 . . . Successful 51 | . . 1 7 . 2 . 6 15 5 . . . . . 2 13 . . . Failed 58 | . . . 13 . . . 7 9 5 . . . . . 8 16 . . . Catastrophic 9 | . . . 4 . . . 1 1 . . . . . . 1 2 . . . Database Lockouts . | . . . . . . . . . . . . . . . . . . . . Manual 51 | . . . 13 . 1 . 6 10 3 . . 4 . . 1 13 . . . Terminals 86 | . . . 14 . . . 11 15 7 . . . . . 10 29 . . . Fabricators . | . . . . . . . . . . . . . . . . . . . . Repair Stations 13 | . . . 3 . . . 2 6 2 . . . . . . . . . . Recycling Units 2 | . . . 1 . . . . 1 . . . . . . . . . . . Scanalyzers 2 | . . . 2 . . . . . . . . . . . . . . . . Garrison Access 3 | . . . . . . . . 2 1 . . . . . . . . . . Terminal Hacks 29 | . . 1 3 . 2 . 3 8 3 . . . . . 2 7 . . . Record 1 | . . . . . 1 . . . . . . . . . . . . . . Robot Analysis 3 | . . . 3 . . . . . . . . . . . . . . . . Open Door 9 | . . 1 . . . . . 2 . . . . . . 1 5 . . . Branch Access Points 3 | . . . . . . . 1 . 1 . . . . . 1 . . . . Terminal Index 1 | . . . . . . . . . . . . . . . . 1 . . . Alert Level 5 | . . . . . . . 1 2 1 . . . . . . 1 . . . Unreport Threat 4 | . . . . . . . 1 3 . . . . . . . . . . . Hauler Manifests 1 | . . . . . . . . 1 . . . . . . . . . . . Registered Components 1 | . . . . . . . . . 1 . . . . . . . . . . EX-Prototype ID Bank 1 | . . . . . 1 . . . . . . . . . . . . . . Fabricator Hacks . | . . . . . . . . . . . . . . . . . . . . Repair Station Hacks 9 | . . . 1 . . . 2 5 1 . . . . . . . . . . Scan Component 6 | . . . 1 . . . 1 3 1 . . . . . . . . . . Repair 3 | . . . . . . . 1 2 . . . . . . . . . . . Recycling Unit Hacks 1 | . . . . . . . . 1 . . . . . . . . . . . Retrieve Components 1 | . . . . . . . . 1 . . . . . . . . . . . Scanalyzer 2 | . . . 2 . . . . . . . . . . . . . . . . Insert Component 1 | . . . 1 . . . . . . . . . . . . . . . . Analyze 1 | . . . 1 . . . . . . . . . . . . . . . . Garrison Access Hacks 1 | . . . . . . . . 1 . . . . . . . . . . . Seal Access 1 | . . . . . . . . 1 . . . . . . . . . . . Unauthorized Hacks 9 | . . . 1 . . . 1 . 1 . . . . . . 6 . . . Terminals 7 | . . . . . . . 1 . . . . . . . . 6 . . . Track 3 | . . . . . . . 1 . . . . . . . . 2 . . . Botnet 3 | . . . . . . . . . . . . . . . . 3 . . . Operators 1 | . . . . . . . . . . . . . . . . 1 . . . Fabricators . | . . . . . . . . . . . . . . . . . . . . Repair Stations . | . . . . . . . . . . . . . . . . . . . . Recycling Units 1 | . . . 1 . . . . . . . . . . . . . . . . Tunnel 1 | . . . 1 . . . . . . . . . . . . . . . . Scanalyzers . | . . . . . . . . . . . . . . . . . . . . Garrison Access 1 | . . . . . . . . . 1 . . . . . . . . . . Eject 1 | . . . . . . . . . 1 . . . . . . . . . . Data Cores Recovered . | . . . . . . . . . . . . . . . . . . . . Used . | . . . . . . . . . . . . . . . . . . . . Hacking Detections 31 | . . . 6 . . . 4 5 4 . . . . . 5 7 . . . Full Trace Events 10 | . . . 5 . . . . 1 . . . . . . 2 2 . . . Feedback Events 1 | . . . . . . . . 1 . . . . . . . . . . . Corruption 1 | . . . . . . . . 1 . . . . . . . . . . . Feedback Blocked . | . . . . . . . . . . . . . . . . . . . . Robot Schematics Acquired . | . . . . . . . . . . . . . . . . . . . . Robots Built . | . . . . . . . . . . . . . . . . . . . . Matter . | . . . . . . . . . . . . . . . . . . . . Time . | . . . . . . . . . . . . . . . . . . . . Total Robot Build Rating . | . . . . . . . . . . . . . . . . . . . . Part Schematics Acquired 1 | . . . 1 . . . . . . . . . . . . . . . . Parts Built . | . . . . . . . . . . . . . . . . . . . . Matter . | . . . . . . . . . . . . . . . . . . . . Time . | . . . . . . . . . . . . . . . . . . . . Total Part Build Rating . | . . . . . . . . . . . . . . . . . . . . Parts Repaired 3 | . . . . . . . 1 2 . . . . . . . . . . . Time 207 | . . . . . . . 56 151 . . . . . . . . . . . Parts Recycled . | . . . . . . . . . . . . . . . . . . . . Recycled Matter . | . . . . . . . . . . . . . . . . . . . . Retrieved Matter . | . . . . . . . . . . . . . . . . . . . . Retrieved Components 9 | . . . . . . . . 9 . . . . . . . . . . . Parts Scanalyzed 1 | . . . 1 . . . . . . . . . . . . . . . . Part Schematics Acquired 1 | . . . 1 . . . . . . . . . . . . . . . . Parts Damaged . | . . . . . . . . . . . . . . . . . . . . Bothacking | -11 -10 -10 -9 -9 -9 -8 -8 -8 -7 -7 -7 -7 -7 -6 -6 -6 -6 -6 -6 ------------ Run | Scr Mat Min Mat Min Exi Min Mat Sto Fac Low Low Zio Dee Pro Fac Ext Cet Arc Hub Used RIF Installer . | . . . . . . . . . . . . . . . . . . . . Robots Hacked 4 | . . . . . 4 . . . . . . . . . . . . . . Non-combat 3 | . . . . . 3 . . . . . . . . . . . . . . Combat 1 | . . . . . 1 . . . . . . . . . . . . . . Robot Hacks Applied 4 | . . . . . 4 . . . . . . . . . . . . . . parse_system 4 | . . . . . 4 . . . . . . . . . . . . . . Relay Couplers Released 3 | . . . . . . . . . 3 . . . . . . . . . . Ejected 3 | . . . . . . . . . 3 . . . . . . . . . . Robots Rewired 1 | . . . . . . . . . . . . . . . . 1 . . . Allies Hacked . | . . . . . . . . . . . . . . . . . . . . Hacks Repelled . | . . . . . . . . . . . . . . . . . . . . Allies | -11 -10 -10 -9 -9 -9 -8 -8 -8 -7 -7 -7 -7 -7 -6 -6 -6 -6 -6 -6 -------- Run | Scr Mat Min Mat Min Exi Min Mat Sto Fac Low Low Zio Dee Pro Fac Ext Cet Arc Hub Total Allies 22 | . . 3 . . . . . 10 . . . 2 . . . 7 . . . Largest Group 10 | . . 3 3 . . . . 10 9 . . 2 2 . . 4 2 . . Highest-Rated Group 249 | . . 40 40 . . . . 173 157 . . 70 70 . . 249 74 . . Highest-Rated Ally 156 | . . 16 16 . . . . 29 29 . . 42 42 . . 156 37 . . Total Orders . | . . . . . . . . . . . . . . . . . . . . Ally Attacks 241 | . . 10 46 . . . . 15 88 . . . 10 . . 56 16 . . Total Damage 4999 | . . 76 546 . . . . 155 1088 . . . 1198 . . 1631 305 . . Kills 49 | . . 3 10 . . . . 3 9 . . . 5 . . 15 4 . . Allies Corrupted 1 | . . . . . . . . . 1 . . . . . . . . . . Allies Melted 1 | . . . . . . . . . . . . . . . . 1 . . . Intel | -11 -10 -10 -9 -9 -9 -8 -8 -8 -7 -7 -7 -7 -7 -6 -6 -6 -6 -6 -6 ------- Run | Scr Mat Min Mat Min Exi Min Mat Sto Fac Low Low Zio Dee Pro Fac Ext Cet Arc Hub Robot Analysis Total 3 | . . . 3 . . . . . . . . . . . . . . . . Derelict Logs Recovered 7 | . . 1 . 1 . . . . . 1 1 2 . 1 . . . . . Drone Launches . | . . . . . . . . . . . . . . . . . . . . Drone Recoveries . | . . . . . . . . . . . . . . . . . . . . Exploration | -11 -10 -10 -9 -9 -9 -8 -8 -8 -7 -7 -7 -7 -7 -6 -6 -6 -6 -6 -6 ------------- Run | Scr Mat Min Mat Min Exi Min Mat Sto Fac Low Low Zio Dee Pro Fac Ext Cet Arc Hub Turns Passed 16915 | 3 518 902 2131 935 1870 598 771 1458 1422 657 1145 2532 884 87 225 503 157 35 82 Spaces Moved 9468 | 3 226 478 967 464 869 284 338 494 620 339 552 1239 715 292 736 553 129 40 130 Core 161 | . . . . . . . . . . . . . 9 . . . 4 18 130 Treads 7078 | . 193 478 967 464 869 284 338 483 620 339 552 1239 252 . . . . . . Legs 14 | 3 . . . . . . . 11 . . . . . . . . . . . Wheels 33 | . 33 . . . . . . . . . . . . . . . . . . Hover 34 | . . . . . . . . . . . . . 34 . . . . . . Flight 2148 | . . . . . . . . . . . . . 420 292 736 553 125 22 . Fastest Speed 26 | 120 90 180 180 180 172 192 165 192 186 186 183 203 29 29 26 27 27 40 50 Average Speed 151 | 120 171 180 180 197 189 192 182 202 186 186 185 203 100 29 26 27 51 85 50 Slowest Speed 900 | 120 200 180 180 200 200 192 225 280 210 186 203 203 900 29 27 95 250 150 50 Overloaded Moves . | . . . . . . . . . . . . . . . . . . . . Propulsion Burnouts . | . . . . . . . . . . . . . . . . . . . . Robots Hopped 23 | . . . . . . . . . . . . . . . 11 11 1 . . Cave-ins Triggered . | . . . . . . . . . . . . . . . . . . . . Exploration Rate (%) 58 | 2 43 96 76 86 71 74 34 74 31 60 77 84 71 61 20 70 49 72 21 Regions Visited 19 Branch Regions 14 Pre-discovered Areas 5 | . . 1 1 1 1 . . . . . . . . 1 . . . . . Known Exits Taken 4 | . . . . . . . 1 . 1 . . . . 1 1 . . . . Unknown Exits Taken 15 | 1 1 1 1 1 1 1 . 1 . 1 1 1 1 . . 1 1 1 . Scrap Searched 13 | . . 1 . 1 . . . . . 4 1 3 . 3 . . . . . Spaces Dug 16 | . . . . . . 16 . . . . . . . . . . . . . Terrain Destroyed 313 | . 12 . 15 . . 51 23 . 19 . 12 . . . . 13 . . 168 Melee . | . . . . . . . . . . . . . . . . . . . . Projectile 1 | . . . . . . . . . . . 1 . . . . . . . . AOE 312 | . 12 . 15 . . 51 23 . 19 . 11 . . . . 13 . . 168 Terrain Rammed . | . . . . . . . . . . . . . . . . . . . . Walls Destroyed . | . . . . . . . . . . . . . . . . . . . . Machines Disabled . | . . . . . . . . . . . . . . . . . . . . Actions | -11 -10 -10 -9 -9 -9 -8 -8 -8 -7 -7 -7 -7 -7 -6 -6 -6 -6 -6 -6 --------- Run | Scr Mat Min Mat Min Exi Min Mat Sto Fac Low Low Zio Dee Pro Fac Ext Cet Arc Hub Total 11130 | 2 305 502 1162 478 1019 315 451 761 757 359 624 1258 864 293 754 837 208 41 140 Wait 463 | . 13 11 6 3 38 5 24 98 14 11 18 . 42 1 16 123 38 . 2 Move 9405 | 2 225 477 966 463 868 283 337 493 619 338 551 1238 714 291 714 531 126 39 130 Hop 21 | . . . . . . . . . . . . . . . 10 10 1 . . Pick Up 156 | . 17 3 25 . 29 . 15 5 10 2 8 8 12 . 3 16 3 . . Fast Attach 73 | . 1 . 10 2 3 . 5 11 3 . 3 3 16 . 3 4 6 . 3 Attach 72 | . 4 . 3 1 7 1 3 4 8 . 2 2 14 . 3 13 6 1 . Detach 27 | . 1 . 1 . . . . 1 . . . 2 3 . 1 11 6 . 1 Swap 63 | . 6 1 14 . 5 3 6 7 3 2 4 . 4 1 . 4 3 . . Drop 176 | . 9 1 26 3 19 . 16 13 4 2 10 5 35 . 4 18 10 1 . Fire 539 | . 29 9 107 . 38 23 43 123 83 4 28 . 21 . . 22 5 . 4 Melee 35 | . . . . . 4 . . 1 . . . . . . . 26 4 . . Ram . | . . . . . . . . . . . . . . . . . . . . Kick . | . . . . . . . . . . . . . . . . . . . . Crush 36 | . . . 4 6 8 . 2 5 11 . . . . . . . . . . Escape Stasis 38 | . . . . . . . . . 2 . . . . . . 36 . . . Rewire 23 | . . . . . . . . . . . . . . . . 23 . . . Trap 3 | . . . . . . . . . . . . . 3 . . . . . . Miscellaneous . | . . . . . . . . . . . . . . . . . . . . Route ------- -11/Scrapyard -10/Materials (discovered 3 exits: *Mat x2 / *Min) -10/Mines (discovered 2 exits: *Mat x2) -9/Materials (discovered 3 exits: *Mat x2 / [*Min]) -9/Mines (discovered 3 exits: *Mat / *Exi / *Zio) -9/Exiles -8/Mines -8/Materials (discovered 2 exits: *Sto x2) -8/Storage -7/Factory (discovered 2 exits: *Low x2) -7/Lower Caves -7/Lower Caves -7/Zion (discovered 2 exits: [*Dee] / [*Pro]) -7/Deep Caves -6/Proximity Caves -6/Factory (discovered 5 exits: *Fac / *Low x2 / *Ext x2) -6/Extension (discovered 2 exits: *Fac / [*Cet]) -6/Cetus -6/Archives -6/Hub_04(d) (discovered 1 exit: *Fac) History --------- Turn | Location | Event 1 | -11/Scrapyard | Discovered new exit (range 2) 4 | -11/Scrapyard | Entered Materials 230 | -10/Materials | Discovered new exit (range 4) 307 | -10/Materials | Build established: Mutant 475 | -10/Materials | Discovered new exit (range 14) 513 | -10/Materials | Discovered new exit (range 5) 522 | -10/Materials | Entered Mines 548 | -10/Mines | Met a Derelict shopkeep closing up shop 879 | -10/Mines | Received a Rocket Launcher from a helpful Derelict 914 | -10/Mines | Learned location of Storage (-8) 958 | -10/Mines | Assisted by bots powering up and referring to "LRC-V3" 1399 | -10/Mines | Discovered new exit (range 5) 1399 | -10/Mines | Discovered new exit (range 9) 1424 | -10/Mines | Entered Materials 1424 | -9/Materials | Accompanied by 3 allies 1424 | -9/Materials | Evolved 2 slots: Utility x2 1854 | -9/Materials | Discovered new exit (range 15) 2217 | -9/Materials | Discovered new exit (range 8) 3260 | -9/Materials | Build established: Hauler-Mutant 3373 | -9/Materials | Discovered new exit (range 12) 3555 | -9/Materials | Entered Mines 3603 | -9/Mines | Deemed a non-threat by the Exiles lab entrance 3603 | -9/Mines | Discovered new exit (range 5) 3657 | -9/Mines | Found a damaged Exp. Sensor Array with a note attached 3662 | -9/Mines | Found Prototype Device 3662 | -9/Mines | Identified Exp. Sensor Array 3930 | -9/Mines | Discovered new exit (range 14) 4023 | -9/Mines | A Derelict revealed a hidden shortcut to a safe place 4106 | -9/Mines | Learned Materials stockpile data 4490 | -9/Mines | Entered Exiles 4546 | -9/Exiles | Met 8R-AWN 4724 | -9/Exiles | Met EX-HEX 4802 | -9/Exiles | Met EX-DEC 4810 | -9/Exiles | Learned location of Zion (-7) 5126 | -9/Exiles | Met EX-BIN 5164 | -9/Exiles | Aligned with FarCom system 5166 | -9/Exiles | Given EX-Vault access code 5212 | -9/Exiles | Opened EX-Vault 5230 | -9/Exiles | Found Cloak of Protection 5277 | -9/Exiles | Warned to stay clear of 0b10 Research branches 5343 | -9/Exiles | Found AWS/Thermal 5497 | -9/Exiles | Discovered new exit (range 10) 5813 | -9/Exiles | Build established: Mutant 5984 | -9/Exiles | Attacked by the Exiles 6127 | -9/Exiles | Core integrity fell below 50% 6186 | -9/Exiles | Destroyed 8R-AWN 6194 | -9/Exiles | Found 8R-AWN's Armor/EX 6282 | -9/Exiles | Found Exp. Targeting Computer 6285 | -9/Exiles | Found AS-neutralizer No. 17b 6360 | -9/Exiles | Entered Mines 6401 | -8/Mines | Core integrity fell below 20% 6524 | -8/Mines | Build established: Hauler-Mutant 6949 | -8/Mines | Discovered new exit (range 5) 6958 | -8/Mines | Entered Materials 6958 | -8/Materials | Evolved 2 slots: Utility x2 7260 | -8/Materials | Repaired Rnf. Fission Core 7464 | -8/Materials | Discovered new exit (range 16) 7566 | -8/Materials | Identified exit to Storage 7729 | -8/Materials | Entered Storage 8198 | -8/Storage | Discovered new exit (range 6) 8329 | -8/Storage | Repaired Broken Adv. Weapon Cycler 8553 | -8/Storage | Destroyed 7 combat bots 8898 | -8/Storage | Assisted by bots powering up and referring to "LRC-V3" 9129 | -8/Storage | Repaired Rnf. Fission Core 9187 | -8/Storage | Entered Factory 9187 | -7/Factory | Accompanied by 9 allies 9187 | -7/Factory | Evolved 2 slots: Propulsion x1, Weapon x1 9403 | -7/Factory | Identified exit to Lower Caves 9665 | -7/Factory | Build established: Hauler-Gunner 9733 | -7/Factory | Garrison activated, responded to threat 9773 | -7/Factory | Lost 4 parts (1n1u2w) 10562 | -7/Factory | Build established: Hauler-Mutant 10609 | -7/Factory | Entered Lower Caves 10624 | -7/Lower Caves | Learned 4 Factory zone layouts 11001 | -7/Lower Caves | Encountered a Warlord checkpoint 11217 | -7/Lower Caves | Discovered new exit (range 8) 11266 | -7/Lower Caves | Entered another Lower Caves area 11294 | -7/Lower Caves | Encountered a Warlord checkpoint 11433 | -7/Lower Caves | Attracted the attention of an 0b10 checkpoint 11586 | -7/Lower Caves | Spotted B-75 Beast 11647 | -7/Lower Caves | Lost 3 parts (1u2w) 11947 | -7/Lower Caves | Build established: Scavenger-Mutant 11973 | -7/Lower Caves | Learned location of 1 exit from Proximity Caves 12262 | -7/Lower Caves | Discovered new exit (range 16) 12411 | -7/Lower Caves | Entered Zion 12476 | -7/Zion | System corruption cleaned by Quarantine Array 12521 | -7/Zion | Build established: Scavenger-Gunner 12681 | -7/Zion | Discovered new exit (range 12) 12870 | -7/Zion | Found CR-A16's Pointy Stick 12992 | -7/Zion | Given A8's code to call for help 13099 | -7/Zion | Build established: Hauler-Gunner 13173 | -7/Zion | Acquired unknown access codes intercepted by a Zionite 13277 | -7/Zion | Learned location of 1 exit from Factory 14616 | -7/Zion | Gained Derelict followers 14904 | -7/Zion | Opened final containment barrier to the Deep Caves 14939 | -7/Zion | Discovered new exit (range 3) 14939 | -7/Zion | Saw the warning signs outside the Deep Caves entrance 14943 | -7/Zion | Entered Deep Caves 14943 | -7/Deep Caves | Accompanied by 2 allies 15461 | -7/Deep Caves | Z-Facility disabled 15466 | -7/Deep Caves | Attacked by Z-Imprinter 15502 | -7/Deep Caves | Core integrity fell below 50% 15541 | -7/Deep Caves | Lost 14 parts (3n4u7w) 15692 | -7/Deep Caves | Found Prototype Protection 15692 | -7/Deep Caves | Identified Zio. Weapon Casing 15825 | -7/Deep Caves | Discovered new exit (range 7) 15827 | -7/Deep Caves | Entered Proximity Caves 15828 | -6/Proximity Caves | Identified exit to Factory 15889 | -6/Proximity Caves | Build established: Scavenger-Sprinter 15907 | -6/Proximity Caves | Attracted the attention of an 0b10 checkpoint 15914 | -6/Proximity Caves | Entered Factory 15914 | -6/Factory | Evolved 2 slots: Power x1, Propulsion x1 15915 | -6/Factory | Identified exit to Factory 15957 | -6/Factory | Identified exit to Lower Caves 15957 | -6/Factory | Identified exit to Extension 16139 | -6/Factory | Entered Extension 16156 | -6/Extension | Rescued a captive Derelict 16287 | -6/Extension | Rescued a captive Derelict 16306 | -6/Extension | Spotted B-75 Beast 16309 | -6/Extension | Spotted B-75 Beast 16334 | -6/Extension | Rescued A7 16344 | -6/Extension | Lost 3 parts (2p1u) 16359 | -6/Extension | Rescued a captive Derelict 16364 | -6/Extension | Rescued a captive Derelict 16365 | -6/Extension | Rescued a captive Derelict 16530 | -6/Extension | Discovered exit to Factory (range 10) 16533 | -6/Extension | Discovered new exit (range 6) 16598 | -6/Extension | Destroyed A7 16602 | -6/Extension | Extracted ID and sensor layout for unrecognized location from A7's data core 16602 | -6/Extension | Found Prototype Protection 16604 | -6/Extension | Identified Med. Regenerative Plating 16642 | -6/Extension | Entered Cetus 16642 | -6/Cetus | Accompanied by 2 allies 16651 | -6/Cetus | Spotted Cetus Guard 16651 | -6/Cetus | Spotted Cetus Guard 16651 | -6/Cetus | Spotted Cetus Guard 16651 | -6/Cetus | Spotted Cetus Guard 16662 | -6/Cetus | Allies destroyed Cetus Guard 16672 | -6/Cetus | Allies destroyed Cetus Guard 16674 | -6/Cetus | Allies destroyed Cetus Guard 16682 | -6/Cetus | Allies destroyed Cetus Guard 16692 | -6/Cetus | Lost 4 parts (3n1w) 16793 | -6/Cetus | Discovered new exit (range 15) 16795 | -6/Cetus | Build established: Scavenger-Mutant 16799 | -6/Cetus | Entered Archives 16809 | -6/Archives | Core integrity fell below 50% 16810 | -6/Archives | Discovered new exit (range 16) 16828 | -6/Archives | Core integrity fell below 20% 16834 | -6/Archives | Entered Hub_04(d) 16855 | -6/Hub_04(d) | Lost 3 parts (1n2u) 16909 | -6/Hub_04(d) | Discovered exit to Factory (range 8) 16916 | -6/Hub_04(d) | Network Hub disabled 16916 | -6/Hub_04(d) | Destroyed by Y-54 Guardian with Flak Gun Last Messages --------------- 16900_ Exp. Heat Sink severed. 16900_ Acquired Plasma Cutter. 16902_ Acquired Exp. Heat Sink. 16909_ EXIT=FOUND: FACTORY 16911_ K-01 Serf collects debris. 16916_ ALERT: Network intrusion management efficiency reduced by 20%. Dispatching hub defense squads. All non-combat units evacuate. 16916_ Network Hub explodes. 16916_ K-01 Serf destroyed. 16916_ Exp. Heat Sink destroyed. 16916_ Destroyed Exp. Heat Sink. 16916_ Plasma Cutter destroyed. 16916_ Destroyed Plasma Cutter. 16916_ Adv. System Shield destroyed. 16916_ Destroyed Adv. System Shield. 16916_ Adv. Hacking Suite destroyed. 16916_ Destroyed Adv. Hacking Suite. 16916_ Control Node disabled. 16916_ Massive razor-sharp blades shoot up from within the floor. 16916_ Door malfunctions. Map ----- +----------------------------------------------------+ | | | | | | | ???????????????????????????############ | | ??????????????????????????? | | ??????????????????????????? " " " " " | | ??????????????????????????? " " " " " | | ??????????????????????????# " " " " " | | ???????????????????####???# | | ???????????????????# ???########+### | | ???????????????????#" "??######## + | | ???????????????????#"" " ?+ # " | | ???????############# " ?# + " | | ????? # # # " | | ???# ; # # " | | ???# ;;;;;;;;;;;;;; + # | | ???# ; ;; Y# ### | | ???# ; ;; # ##+##### | | ???# ; ;; # # # | | ???# ; ;; # # """" # | | ???# ; ;; ?# # """" # | | ???# ; !;; ??# # """" # | | ???# ; ;;;###k## # """" # | | ???# ; ; #?? # | | ???# ; !% ;;;;; #???#+#? | | ???# ; @= ; ## #########?# #? | | ???# ;;;;;;;;;;;;; ## # ?# #? | | ???# ; ; ## # # ## | | ???### ; ; ## # # | | ?????######; ;######## +?"""" + | | ??????????#; ;#??????# #?"""" # | | ??????????#; ;#??????# #?"""" # | | ??????????# #??????# #?"""" ?# | | ??????????/ ?????? #? ?# | | ??????????# Y ?????? ########??# | | ??????????# #??????# ##?######### | | ??????????;;; ;???????# ???# * # | | ??????????# ; ;???????? ???# # | | ??????????# # ;????????+???# # | | ??????????##? #????????????# + | | ????????????? ?????????????# # | | ????????????? ?????????????# # | | ???????????????????????????# / | | ???????????????????????????# # | | ???????????????????????????# # | | ???????????????????????????# # | | ???????????????????????????# # | | ???????????????????????????######### | | ???????????????????????? | | ???????????????????????? | +----------------------------------------------------+ Best States ------------- Heat Dissipation 89 Energy Generation 39 Energy Capacity 1150 Matter Stores 300 Matter Capacity 300 Sight Range 16 Robot Scan Range 16 Terrain Scan Density 10 Cloak Strength 5 Power Amplification 20 Additional Mass Support 12 Armor Coverage 1000 Resistance: TH 10 Resistance: EX 90 Resistance: EM 15 Weapon Shielding 100 Weapon Cycling 25 Evasion (%) 64 Targeting Accuracy 12 Melee Accuracy 14 Armor Integrity Analysis 33 Recoil Reduction 3 Offensive Hacking 14 Defensive Hacking 14 Item Schematics ----------------- Hcp. Storage Unit | -9/Materials | Scanalyzed Robot Schematics ------------------ None Fabricated ------------ Nothing Alien Tech Used ----------------- None Achievements -------------- None Challenges ------------ None Game ------ Seed BiometalHeavyCapacitor Manual? 0 Play Time 01:42:37 Cumulative 263.8 hours Start 2021.01.21 @ 15:40:29 End 2021.01.21 @ 17:29:54 Sessions 1 Manual Loads 0 Difficulty Rogue Special Mode None Game No. 226 Rogue 219 Adventurer 0 Explorer 7 Win Type - Total 7 Types 2/0/5/0/0/0/0/0/0 Lore% 74 Gallery% 91 Achievement% 69 Wizard Run 0 Options --------- ASCII 0 Keyboard 0 Movement Mouse Keybinds 0 Fullscreen 1 Font 18/X11 Map View 76x50 Tactical HUD 1 Map Filters NONE Filters NONE Steam 1 RUN: 43d830db-e12e-4b62-b3f1-1b7c2d132b2d